 Zot Defence DCSS version 0.14.2 (webtiles) character file.

10882 Descartes the Grappler (level 11, -4/111 HPs)
             Began as a Troll Berserker on Oct 26, 2018.
             Was a Follower of Trog.
             Killed by divine providence
             ... invoked by a deep elf priest
              (10 damage)
             ... in the Realm of Zot (Scenario I: Hall of Zot).
             The game lasted 00:09:00 (2715 turns).

Descartes the Grappler (Troll Berserker)            Turns: 2715, Time: 00:09:00

HP  -4/111       AC  5     Str 27      XL: 11   Next: 42%
MP   4/4         EV 13     Int  3      God: Trog [*.....]
Gold 0           SH  0     Dex 12      Spells:  0 memorised, 10 levels left

rFire  . . .     SeeInvis .       - Unarmed
rCold  . . .     Clarity  .     b - +0 animal skin
rNeg   . . .     Conserve .     (shield restricted)
rPois  .         rCorr    .     (helmet restricted)
rElec  .         rRot     .     (no cloak)
SustAb . .       Spirit   .     (gloves unavailable)
rMut   .         Warding  .     (boots unavailable)
Gourm  +         Stasis   .     (no amulet)
MR     .....                    (no ring)
                                (no ring)

@: lethally poisoned, not resistant to hostile enchantments, unstealthy
A: unfitting armour, claws 3, fast metabolism 3, gourmand, regeneration 2,
saprovore 2, shaggy fur 1, tough skin 2
a: Make dart trap, Make oklob sapling, Make arrow trap, Make plant, Remove
Curse, Make burning bush, Make altar, Make grenades, Make oklob plant, Make net
trap, Make ice statue, Make spear trap, Make alarm trap, Burn Spellbooks,
Berserk, Renounce Religion


You were in the Realm of Zot.
You worshipped Trog.
Trog was aware of your devotion.
You were not hungry.

You visited 1 branch

Inventory:

Hand weapons
 j - a +0,+4 dagger of distortion
Missiles
 k - 15 arrows of frost
Armour
 b - a +0 animal skin (worn)
Magical devices
 i - a wand of slowing (7)
Comestibles
 c - a meat ration
 l - 3 chunks of ugly thing flesh
 m - a chunk of ugly thing flesh
Scrolls
 h - a scroll of blinking
Potions
 a - 3 potions of curing
 d - a potion of heal wounds
 e - a potion of haste
 f - 2 potions of magic
 g - a potion of berserk rage


   Skills:
 + Level 8.0 Fighting
 + Level 8.1 Dodging
 * Level 13.0 Unarmed Combat


You had 10 spell levels left.
You didn't know any spells.

Dungeon Overview and Level Annotations

Branches:
    Zot (1/1)

Altars:

Annotations:
Zot Nergalle


Innate Abilities, Weirdness & Mutations

You are too large for most types of armour.
You have claws for hands.
Your metabolism is lightning-fast.
You like to eat raw meat.
You heal very quickly.
You can eat rotten meat.
You are covered in fur (AC +1).
You have very tough skin (AC +2).


Message History

The cyan ugly thing is severely wounded.
You feel sick.
The deep elf priest calls down the wrath of its god upon something.
Something smites you!
* * * LOW HITPOINT WARNING * * *
The deep elf priest mumbles some strange prayers to its god against something.
Something smites you!
* * * LOW HITPOINT WARNING * * *
You closely miss the cyan ugly thing.
The cyan ugly thing is severely wounded.
You feel sick.
Nergalle hits something but does no damage.
The deep elf priest mumbles some strange prayers to its god against something.
Something smites you!
* * * LOW HITPOINT WARNING * * *
You feel sick.
You feel sick.
The deep elf priest invokes the aid of its god against something.
Something smites you!
You die...

..........## #..................
...)(..(..# #..................
......(.(.## #..................
....(......# #..................
.........o.## #..................
..)III.e.s..###..................
##########ye.###.................
##ye..##................
###u..@...............#
##############.....▓▓
####...............▓
###...................
##..................... ▓▓▓▓▓▓▓▓▓
#......................
▓.......▓▓▓......................
.........▓▓......................
..........▓......................


You could see Nergalle, a wolf spider, a cyan ugly thing (bleeding), 2 deep elf
priests and 2 vampire mosquitoes.

Vanquished Creatures
  A wolf spider (Zot)
  2 yaktaurs (Zot)
  Psyche (Zot)
  A centaur skeleton (Zot)
  4 wraiths (Zot)
  A wyvern (Zot)
  5 ugly things (Zot)
  3 hungry ghosts (Zot)
  An ice beast (Zot)
  2 orc warriors (Zot)
  A centaur (Zot)
  2 gnoll sergeants (Zot)
  A scorpion (Zot)
  An elf skeleton (Zot)
  A worker ant (Zot)
  An adder (Zot)
  A gnoll (Zot)
  An ooze (Zot)
  A bat (Zot)
  A kobold (Zot)
  A ball python (Zot)
  A giant newt (Zot)
34 creatures vanquished.

Vanquished Creatures (collateral kills)
  An eidolon (Zot)
  A deep elf conjurer (Zot)
  2 yaktaurs (Zot)
  4 ugly things (Zot)
  A deep elf fighter (Zot)
  A deep elf mage (Zot)
  A vampire mosquito (Zot)
  A spectral elf (Zot)
12 creatures vanquished.

Vanquished Creatures (others)
  An ice statue (Zot)
  3 ice beasts (Zot)
  A crawling corpse (Zot)
5 creatures vanquished.

Grand Total: 51 creatures vanquished

Notes
Turn   | Place    | Note
--------------------------------------------------------------
     0 | Zot      | Descartes, the Troll Berserker, began the quest for the Orb.
     0 | Zot      | Reached XP level 1. HP: 22/22 MP: 1/1
   196 | Zot      | Reached XP level 2. HP: 29/29 MP: 1/1
  1666 | Zot      | Noticed an orc warrior
  1668 | Zot      | Noticed a hungry ghost
  1669 | Zot      | Noticed a gnoll sergeant
  1670 | Zot      | Noticed a scorpion
  1671 | Zot      | Noticed a wyvern
  1676 | Zot      | Noticed an ice beast
  1686 | Zot      | Noticed a centaur
  1686 | Zot      | Killed an orc warrior
  1686 | Zot      | Reached skill level 4 in Unarmed Combat
  1686 | Zot      | Reached XP level 3. HP: 34/37 MP: 2/2
  1686 | Zot      | Reached XP level 4. HP: 41/45 MP: 2/2
  1686 | Zot      | Reached XP level 5. HP: 48/53 MP: 2/2
  1691 | Zot      | Noticed a centaur skeleton
  1694 | Zot      | Noticed an orc warrior
  1699 | Zot      | Killed a hungry ghost
  1699 | Zot      | Reached skill level 5 in Unarmed Combat
  1699 | Zot      | Reached XP level 6. HP: 60/62 MP: 3/3
  1703 | Zot      | Noticed Psyche
  1711 | Zot      | Killed a gnoll sergeant
  1711 | Zot      | Reached skill level 6 in Unarmed Combat
  1711 | Zot      | Reached XP level 7. HP: 62/70 MP: 3/3
  1717 | Zot      | Killed a centaur skeleton
  1717 | Zot      | Reached skill level 7 in Unarmed Combat
  1724 | Zot      | Reached XP level 8. HP: 74/79 MP: 3/3
  1729 | Zot      | Killed a scorpion
  1735 | Zot      | Killed a centaur
  1735 | Zot      | Reached skill level 5 in Dodging
  1742 | Zot      | Killed an orc warrior
  1742 | Zot      | Reached skill level 5 in Fighting
  1742 | Zot      | Reached skill level 8 in Unarmed Combat
  1749 | Zot      | Killed a wyvern
  1762 | Zot      | Killed an ice beast
  1762 | Zot      | Reached skill level 9 in Unarmed Combat
  1762 | Zot      | Reached XP level 9. HP: 86/88 MP: 4/4
  1770 | Zot      | Killed Psyche
  1783 | Zot      | Reached skill level 10 in Unarmed Combat
  2380 | Zot      | Reached XP level 10. HP: 100/100 MP: 4/4
  2401 | Zot      | Noticed Okleqiug
  2417 | Zot      | Killed Okleqiug the eidolon
  2417 | Zot      | Reached skill level 11 in Unarmed Combat
  2583 | Zot      | Reached skill level 12 in Unarmed Combat
  2610 | Zot      | Reached XP level 11. HP: 98/109 MP: 4/4
  2706 | Zot      | Reached skill level 13 in Unarmed Combat
  2707 | Zot      | Noticed Nergalle
  2715 | Zot      | Killed from afar by a deep elf priest

Action                   |  1- 3 |  4- 6 |  7- 9 | 10-12 || total
-------------------------+-------+-------+-------+-------++-------
Melee: Unarmed           |    24 |    21 |    83 |    66 ||   194
 Abil: Make ice statue   |       |       |       |     2 ||     2
Evoke: Wand              |       |       |       |     1 ||     1
 Stab: Distracted        |       |       |       |     2 ||     2
